 Dungeon Crawl Stone Soup version 0.27.1-4-g1640c2035a (webtiles) character file.

Game seed: 11903890650535744962

977 ddubois the Covert (level 7, -1/38 HPs)
             Began as a Spriggan Delver on Nov 17, 2021.
             Was a Believer of Makhleb.
             Succumbed to a kobold brigand's curare-tipped dart
             ... on level 6 of the Dungeon.
             The game lasted 00:25:16 (9257 turns).

ddubois the Covert (Spriggan Delver)                Turns: 9257, Time: 00:25:17

Health: -1/38      AC:  2    Str:  7 (8)  XL:     7   Next: 95%
Magic:  8/8        EV: 20    Int: 13 (14) God:    Makhleb [**....]
Gold:   306        SH:  0    Dex: 15 (16) Spells: 6/6 levels left

rFire    . . .     SeeInvis +   a - +3 short sword
rCold    . . .     Faith    .   (shield restricted)
rNeg     . . .     Spirit   .   q - +0 robe
rPois    .         Reflect  .   (helmet restricted)
rElec    +         Harm     .   (no cloak)
rCorr    .         Rampage  .   (gloves unavailable)
Will     +....                  (boots unavailable)
Stlth    ++++......             (no amulet)
HPRegen  0.12/turn              (no ring)
MPRegen  0.11/turn              (no ring)

@: lethally poisoned (-1 -> -15), flying, slowed, quick
A: very small, no large weapons, unfitting armour, see invisible, speed 3,
hooves 1, electricity resistance
a: Renounce Religion, Minor Destruction


You were on level 6 of the Dungeon.
You worshipped Makhleb.
Makhleb was pleased with you.
You visited 1 branch of the dungeon, and saw 6 of its levels.

You collected 306 gold pieces.

Inventory:

Hand Weapons
 a - a +3 short sword (weapon)
 b - a +0 hunting sling
Missiles
 i - 28 bolts
 j - 65 arrows
 n - 145 stones (quivered)
 u - 31 sling bullets
Armour
 q - a +0 robe (worn)
Jewellery
 k - a ring of resist corrosion
Wands
 g - a wand of digging (3)
 x - a wand of iceblast (6)
Scrolls
 c - 2 scrolls of fog
 d - 2 scrolls of magic mapping
 e - a scroll of fear
 h - 7 scrolls of teleportation
 l - 2 scrolls of enchant armour {unknown}
 m - 5 scrolls of identify {unknown}
 o - a scroll of blinking {unknown}
 r - a scroll of brand weapon {unknown}
 t - a scroll of acquirement {unknown}
 v - a scroll of noise {unknown}
Potions
 f - 2 potions of haste
 s - a potion of degeneration
 z - a potion of resistance


   Skills:
 + Level 4.5 Fighting
 + Level 5.5 Short Blades
 + Level 6.5 Dodging
 - Level 10.0 Stealth


You had 6 spell levels left.
You didn't know any spells.
Your spell library contained the following spells:

 Spells                   Type           Power      Damage    Failure   Level
 Static Discharge         Conj/Air       0%         N/A       43%         2
 Ignite Poison            Fire/Tmut/Pois 0%         N/A       67%         3
 Dispel Undead            Necr           0%         3d6       97%         4
 Sticky Flame             Conj/Fire      0%         2d3       97%         4
 Ignition                 Fire           0%         3d3       100%        8
 Fire Storm               Conj/Fire      0%         5d1       100%        9


Dungeon Overview and Level Annotations

Branches:
Dungeon (6/15)
 Temple: D:4-7

Altars:
Makhleb
Beogh

Annotations:
D:3 Natasha


Innate Abilities, Weirdness & Mutations

You are very small and have problems with some larger weapons.
You are too small for most types of armour.
You have supernaturally acute eyesight. (SInv)
You cover ground extremely quickly. (Speed+++)
You have large cloven feet.
You are resistant to electric shocks. (rElec)


Message History

The iceblast engulfs the kobold!
You kill the kobold!
Makhleb accepts your kill.
Unknown command.
Aiming: Iceblast
Press: ? - help, Shift-Dir - straight line, f/p - kobold brigand
Aim: a kobold brigand, wielding a +0 dagger and quivering curare-tipped darts (moderately wounded)
The mass of ice explodes!
The iceblast engulfs the kobold brigand!
The kobold brigand is severely wounded.
The iceblast engulfs the adder.
The adder is heavily wounded.
Unknown command.
Unknown command.
Aiming: Iceblast
Press: ? - help, Shift-Dir - straight line, f/p - kobold brigand
Aim: a kobold brigand, wielding a +0 dagger and quivering curare-tipped darts (severely wounded)
The mass of ice explodes!
The iceblast engulfs the kobold brigand!
The kobold brigand is almost dead.
The iceblast engulfs the adder.
You kill the adder!
Makhleb accepts your kill.
Unknown command.
Unknown command.
The kobold brigand throws a curare-tipped dart.
The curare-tipped dart hits you.
You are lethally poisoned!
You have difficulty breathing.
* * * LOW HITPOINT WARNING * * *
You feel yourself slow down.
Unknown command.
Unknown command.
It was a potion of flight.
You feel very buoyant.
You fly up into the air.
* * * LOW HITPOINT WARNING * * *
You feel very sick.
Okay, then.
You die...

# ##### #..# #####..##
....# #......(. ....#.#
#..?..... ####.#.#
#.S)..... #....
#........ #####
#........ #......).
################).......
.......@.K..†...).......
####################.###
#.# #.# #.# #.#


You could see a kobold brigand.

Vanquished Creatures
  3 ogres
  A black bear (D:5)
  A phantom (D:5)
  A scorpion (D:5)
  2 jellies (D:4)
  A centaur zombie (D:5)
  A hound (D:3)
  A scorpion zombie (D:5)
  Jessica (D:2)
  2 iguanas (D:5)
  Robin (D:2)
  4 gnolls (D:4)
  A howler monkey skeleton (D:4)
  9 adders
  A shadow imp (D:5)
  An adder skeleton (D:4)
  An adder zombie (D:5)
  2 worms
  2 dart slugs (D:1)
  4 orcs
  12 ball pythons
  5 endoplasms
  3 giant cockroaches
  16 goblins
  11 hobgoblins
  2 jackals
  7 quokkas
  5 bats
  4 frilled lizards
  9 kobolds
  4 rats
118 creatures vanquished.

Vanquished Creatures (others)
  7 plants
7 creatures vanquished.

Grand Total: 125 creatures vanquished

Notes
Turn   | Place    | Note
-------+----------+-------------------------------------------
     0 | D:5      | ddubois the Spriggan Delver began the quest for the Orb.
     0 | D:5      | Reached XP level 1. HP: 11/11 MP: 2/2
    37 | D:5      | Noticed a scorpion
    47 | D:5      | Noticed an iguana
    61 | D:5      | Noticed an ogre
   123 | D:5      | Reached skill level 8 in Stealth
   123 | D:5      | Reached XP level 2. HP: 12/16 MP: 3/3
   123 | D:5      | Reached XP level 3. HP: 14/19 MP: 4/4
   128 | D:5      | Noticed a black bear
   128 | D:5      | Noticed a phantom
   324 | D:4      | Noticed a phantom
   561 | D:2      | Noticed Robin
  1611 | D:1      | Reached XP level 4. HP: 22/23 MP: 5/5
  1716 | D:1      | Noticed a troll
  2589 | D:2      | Found a faded altar of an unknown god.
  2593 | D:2      | Became a worshipper of Makhleb the Destroyer
  2593 | D:2      | Reached * piety under Makhleb
  2758 | D:2      | Noticed Jessica
  2786 | D:2      | Killed Jessica
  2787 | D:2      | Reached skill level 9 in Stealth
  3568 | D:2      | Killed Robin
  3594 | D:2      | Reached XP level 5. HP: 22/28 MP: 6/6
  3690 | D:2      | Found a burning altar of Makhleb.
  3968 | D:3      | Noticed Natasha
  5527 | D:3      | Reached ** piety under Makhleb
  6283 | D:4      | Reached XP level 6. HP: 32/32 MP: 7/7
  7102 | D:4      | Reached skill level 5 in Dodging
  7229 | D:4      | Reached skill level 10 in Stealth
  7598 | D:5      | Reached XP level 7. HP: 37/37 MP: 8/8
  8008 | D:5      | Reached skill level 5 in Short Blades
  9093 | D:5      | Got Jueg's Guide on Flames
  9246 | D:6      | Gained mutation: You are resistant to electric shocks.
                  | (rElec) [potion of mutation]
  9246 | D:6      | Gained mutation: You have large cloven feet. [potion of
                  | mutation]
  9257 | D:6      | Succumbed to a kobold brigand's curare-tipped dart

Illustrated notes

Levels and vault maps discovered:
D:1:      erik_arrival_cave_to_civilisation [erik_arrival_cave_to_temple],
          layout_basic, hangedman_decor_clover_reticule
D:2:      layout_basic, hellmonk_ecumenical_altar_defaced_shrine,
          serial_bayou_crossing, uniq_robin, uniq_jessica
D:3:      layout_loops_ring, st_stairs_5, uniq_natasha
D:4:      layout_basic
D:5:      layout_cave_pools, chequers_jeans, saegor_snake_ambush
D:6:      layout_basic, lemuel_doored_altar, nicolae_gozag_seed_capital,
          portal_sewer_entry_b

Skill      XL: |  1  2  3  4  5  6  7 |
---------------+----------------------+-----
Stealth        | 8 9 10 | 10.0
Dodging        | 3 4 5 6 |  6.5
Short Blades   | 3 4 5 |  5.5
Fighting       | 3 4 |  4.5

Action                   |  1- 3 |  4- 6 |  7- 9 || total
-------------------------+-------+-------+-------++-------
Melee: Short sword       |    80 |   251 |    79 ||   410
 Fire: Hunting sling     |       |   115 |    66 ||   181
Throw: Stone             |       |     7 |       ||     7
Evoke: Wand              |       |       |     3 ||     3
  Use: Potion            |       |       |     3 ||     3
       Scroll            |       |       |     1 ||     1
 Stab: Sleeping          |     8 |    25 |     3 ||    36
       Distracted        |     1 |     2 |       ||     3
Armor: Robe              |     4 |    15 |     7 ||    26
Dodge: Dodged            |    55 |   190 |    65 ||   310
